 Dungeon Crawl Stone Soup version 0.31-a0-920-g28cbb04a8c (webtiles) character file.

Game seed: 15683305251248231461

550 Xavori the Trooper (level 7, 0/45 (50) HPs)
             Began as an Octopode Chaos Knight on Oct 17, 2023.
             Was a Plaything of Xom.
             Succumbed to Crazy Yiuf's poison
             ... on level 4 of the Dungeon.
             The game lasted 00:03:15 (10018 turns).

Xavori the Trooper (Octopode Chaos Knight)         Turns: 10018, Time: 00:03:15

HP:   0/45 (50)     AC:  4    Str: 17    XL:     7   Next: 29%
MP:   7/7           EV: 13    Int: 20    God:    Xom [......]
Gold: 240           SH:  7    Dex: 14    Spells: 6/6 levels left

rFire   + . .        e - +0 short sword (speed)
rCold   + . .        l - +0 kite shield
rNeg    . . .        (helmet restricted)
rPois   .            (no amulet)
rElec   .            m - +6 ring of dexterity
rCorr   .            (no ring)
SInv    .            (no ring)
Will    .....        (no ring)
Stlth   ++           (no ring)
HPRegen 0.27/turn    (no ring)
MPRegen 0.10/turn    (no ring)
                     (no ring)

%: clarity
@: lethally poisoned (0 -> -4), on berserk cooldown, attractive, slowed, heavily
drained, very slow
A: almost no armour, amphibious, 8 rings, camouflage 1, gelatinous body 1,
(nimble swimmer 1), tentacles, tentacle spike 1, iridescent scales 1, clarity,
clever 2, clumsy 1, cold resistance 1, fire resistance 1, high MP 1, sense
surroundings 1, shaggy fur 1, strong 2, no potion heal 1
a: Renounce Religion


You were on level 4 of the Dungeon.
You worshipped Xom.
You were a very special plaything of Xom.
You visited 1 branch of the dungeon, and saw 4 of its levels.

You collected 240 gold pieces.

Inventory:

Hand Weapons
 e - a +0 short sword of speed (weapon)
Missiles
 c - 2 throwing nets
Armour
 l - a +0 kite shield (worn)
Jewellery
 m - a +6 ring of dexterity (left tentacle)
Wands
 n - a wand of acid (10)
Scrolls
 b - a scroll of butterflies
 d - a scroll of enchant armour
 f - 2 scrolls of vulnerability
 g - 4 scrolls of blinking
 h - 3 scrolls of teleportation
 i - a scroll of fear
 k - a scroll of revelation
Potions
 o - a potion of magic


   Skills:
 + Level 5.1 Fighting
 + Level 5.0 Short Blades
 + Level 4.6 Dodging
 + Level 2.3 Evocations


You had 6 spell levels left.
You didn't know any spells.
Your spell library contained the following spells:

 Spells                   Type           Power      Damage    Failure   Level
 Slow                     Hex            0%         N/A       52%         1
 Call Canine Familiar     Summ           0%         N/A       88%         3
 Confusing Touch          Hex            0%         N/A       88%         3
 Sigil of Binding         Hex            0%         N/A       88%         3
 Stone Arrow              Conj/Erth      0%         3d7       88%         3
 Vampiric Draining        Necr           0%         2d6       88%         3
 Dimensional Bullseye     Hex/Tloc       0%         N/A       99%         4
 Leda's Liquefaction      Hex/Erth       0%         N/A       99%         4
 Lehudib's Crystal Spear  Conj/Erth      0%         10d2      100%        8
 Animate Armour           Summ/Erth      Unusable   N/A       N/A         4

Dungeon Overview and Level Annotations

Branches:
Dungeon (4/15)
 Temple: D:4-7

Altars:
Xom
The Shining One


Innate Abilities, Weirdness & Mutations

You cannot wear most types of armour.
You are amphibious.
You can wear up to eight rings at the same time.
Your skin changes colour to match your surroundings (Stealth+).
Your rubbery body absorbs attacks. (AC +1, EV +1)
((You are camouflaged when in or above water. (Stealth+)))
You have tentacles for arms and can constrict up to eight enemies at once.
One of your tentacles bears a spike.
You are partially covered in iridescent scales. (AC +2)
You possess an exceptional clarity of mind.
Your mind is very acute. (Int +8, Str/Dex -2)
You are clumsy. (Dex -2)
Your flesh is cold resistant. (rC+)
Your flesh is heat resistant. (rF+)
You have an increased reservoir of magic. (+10% MP)
You passively map a small area around you.
You are covered in fur. (AC +1)
Your muscles are very strong. (Str +8, Int/Dex -2)
Potions are less effective at restoring your health.


Message History

Crazy Yiuf is severely wounded.
You constrict Crazy Yiuf.
* * * LOW HITPOINT WARNING * * *
You feel very sick.
Unknown command.
You hit Crazy Yiuf.
You pierce Crazy Yiuf.
Crazy Yiuf is almost dead.
You constrict Crazy Yiuf.
You kill Crazy Yiuf!
* * * LOW HITPOINT WARNING * * *
You feel sick.
Unknown command.
There is a lethal amount of poison in your body!
It was a potion of attraction.
You feel attractive to monsters.
* * * LOW HITPOINT WARNING * * *
You feel very sick.
A red film seems to cover your vision as you go berserk!
You feel yourself moving faster!
You feel mighty!
* * * LOW HITPOINT WARNING * * *
You feel sick.
You feel a strong urge to attack something.
* * * LOW HITPOINT WARNING * * *
You feel sick.
* * * LOW HITPOINT WARNING * * *
You feel sick.
There is a lethal amount of poison in your body!
There is a lethal amount of poison in your body!
There is a lethal amount of poison in your body!
You feel your anger nearly subside.
* * * LOW HITPOINT WARNING * * *
You feel sick.
You are no longer berserk.
You are exhausted.
You feel yourself slow down.
* * * LOW HITPOINT WARNING * * *
You feel sick.
There is an open translucent door here.
You die...
Xom bursts into laughter!

##...# #..# #.#
####.....# #..#.##
#.## #.# #.....#
#.##..# #.# ###
#.....# ###.###.#
### ###...#
......#.#### #####
......#....#
.......##### #####
###### .......#
#)..### ##.#..##
####.####
#..@'.####......#
#.##≈#
#...##..#.......####
#.##≈#
########.#..#.......
#..#≈##
#############
##..≈.# #..~.#
##.~.# #####


There were no monsters in sight!

Vanquished Creatures
  Sigmund (D:2)
  An ogre (D:4)
  Crazy Yiuf (D:4)
  2 orc priests (D:4)
  A sleepcap (D:4)
  An iguana (D:4)
  An orc wizard (D:4)
  3 gnolls (D:3)
  2 adders
  2 worms
  3 dart slugs
  An orc (D:4)
  3 bats
  16 endoplasms
  2 giant cockroaches
  5 goblins
  8 hobgoblins
  7 jackals
  7 kobolds
  4 quokkas
  4 ball pythons
  3 frilled lizards
  2 rats
80 creatures vanquished.

Notes
Turn   | Place    | Note
-------+----------+-------------------------------------------
     0 | D:1      | Xavori the Octopode Chaos Knight began the quest for the
                  | Orb.
     0 | D:1      | Reached XP level 1. HP: 16/16 MP: 1/1
    78 | D:1      | XOM: silly message
    80 | D:1      | Reached XP level 2. HP: 13/21 MP: 2/2
   296 | D:1      | Reached XP level 3. HP: 26/26 MP: 3/3
  1347 | D:1      | XOM: silly message
  2402 | D:1      | XOM: give mutations
  2402 | D:1      | Gained mutation: Your flesh is cold resistant. (rC+) [Xom's
                  | mischief]
  2402 | D:1      | Gained mutation: You possess an exceptional clarity of
                  | mind. [Xom's mischief]
  2844 | D:1      | XOM: stat loss: -1 Dex (12/13)
  3357 | D:1      | XOM: stat loss: -1 Str (10/11)
  3935 | D:1      | XOM is BORED!
  3935 | D:1      | XOM: noise
  4027 | D:1      | XOM: stat loss: -1 Int (13/14)
  4031 | D:1      | XOM is BORED!
  4031 | D:1      | XOM: summons 1 hostile shadow creature
  4087 | D:1      | XOM: give mutations
  4087 | D:1      | Gained mutation: You are clumsy. (Dex -2) [Xom's mischief]
  4087 | D:1      | Gained mutation: Potions are less effective at restoring
                  | your health. [Xom's mischief]
  4087 | D:1      | Gained mutation: You are frail. (-10% HP) [Xom's mischief]
  4087 | D:1      | Lost mutation: You are frail. (-10% HP) [Xom's mischief]
  4332 | D:1      | XOM: silly message
  4762 | D:1      | XOM: silly message
  5726 | D:1      | XOM: cloud trail
  5855 | D:1      | XOM is BORED!
  6160 | D:1      | XOM: give mutations
  6160 | D:1      | Gained mutation: Your flesh is heat resistant. (rF+) [Xom's
                  | grace]
  6160 | D:1      | Gained mutation: Your muscles are strong. (Str +4, Int/Dex
                  | -1) [Xom's grace]
  6160 | D:1      | Gained mutation: You have hidden genetic potential. [Xom's
                  | grace]
  6234 | D:1      | XOM: stat loss: -1 Dex (8/10)
  7107 | D:1      | XOM: give mutations
  7107 | D:1      | Gained mutation: Your muscles are very strong. (Str +8,
                  | Int/Dex -2) [Xom's grace]
  7107 | D:1      | Gained mutation: You have an increased reservoir of magic.
                  | (+10% MP) [Xom's grace]
  7107 | D:1      | Gained mutation: Your mind is acute. (Int +4, Str/Dex -1)
                  | [Xom's grace]
  7396 | D:1      | XOM: cloud trail
  7524 | D:1      | XOM: give mutations
  7524 | D:1      | Gained mutation: One of your tentacles bears a spike.
                  | [Xom's grace]
  7524 | D:1      | Gained mutation: You are covered in fur. (AC +1) [Xom's
                  | grace]
  7524 | D:1      | Gained mutation: You are partially covered in iridescent
                  | scales. (AC +2) [Xom's grace]
  7913 | D:2      | XOM: god gift: 56 gold pieces
  8122 | D:2      | Noticed Sigmund
  8131 | D:2      | Killed Sigmund
  8132 | D:2      | Reached XP level 4. HP: 22/34 MP: 4/4
  8132 | D:2      | Reached XP level 5. HP: 25/38 MP: 5/5
  8151 | D:2      | Gained mutation: You passively map a small area around you.
                  | [hidden potential]
  8297 | D:2      | XOM: scenery: create altars
  8572 | D:2      | XOM: noise
  8732 | D:3      | Reached XP level 6. HP: 42/44 MP: 6/6
  8903 | D:3      | XOM: fog
  9369 | D:4      | Reached skill level 1 in Evocations
  9394 | D:3      | Gained mutation: Your mind is very acute. (Int +8, Str/Dex
                  | -2) [hidden potential]
  9394 | D:3      | Lost mutation: You have hidden genetic potential. [hidden
                  | potential expressed]
  9608 | D:4      | XOM: potion effect (haste)
  9615 | D:4      | Reached skill level 5 in Fighting
  9615 | D:4      | Reached XP level 7. HP: 50/50 MP: 7/7
  9647 | D:4      | XOM: draining
  9698 | D:4      | Reached skill level 5 in Short Blades
  9705 | D:4      | Found a glowing golden altar of the Shining One.
  9746 | D:4      | Found a runed translucent door.
  9747 | D:4      | Noticed Crazy Yiuf
 10011 | D:4      | Killed Crazy Yiuf
 10016 | D:4      | HP: 3/67 [poisoned by Crazy Yiuf]
 10017 | D:4      | HP: 1/45 [poisoned by Crazy Yiuf]
 10018 | D:4      | Succumbed to Crazy Yiuf's poison

Illustrated notes

Levels and vault maps discovered:
D:1:      lightli_arrival_flooded_house, layout_rooms
D:2:      layout_loops_corners, serial_rivers, chequers_serial_rivers_small_3,
          chequers_serial_rivers_micro_c, chequers_serial_rivers_micro_d,
          chequers_serial_rivers_micro_b, solitary_fountain, hex_tiny,
          uniq_sigmund
D:3:      layout_loops_cross
D:4:      layout_rooms, nicolae_tso_carved_into_rock,
          chequers_serial_rivers_micro_b, uniq_crazy_yiuf_cottage

Skill      XL: |  1  2  3  4  5  6  7 |
---------------+----------------------+-----
Dodging        | 3 4 |  4.6
Fighting       | 4 5 |  5.1
Short Blades   | 4 5 |  5.0
Evocations     | 2 |  2.3

Action                     |  1- 3 |  4- 6 |  7- 9 || total
---------------------------+-------+-------+-------++-------
  Melee: Short sword       |    81 |   101 |     9 ||   191
         Constrict         |    21 |    22 |     2 ||    45
         Tentacles         |    18 |    22 |     5 ||    45
         Kick              |    11 |    45 |     6 ||    62
         Punch             |       |     2 |       ||     2
    Use: Scroll            |       |     8 |       ||     8
         Potion            |       |       |     2 ||     2
   Stab: Sleeping          |     4 |     7 |       ||    11
         Distracted        |     1 |     1 |       ||     2
 Armour: Skin              |    20 |    23 |     3 ||    46
  Dodge: Dodged            |    26 |    29 |       ||    55
  Block: Kite shield       |       |    21 |     4 ||    25

Table legend: (Time is in decaauts)
 A = Elapsed time spent in this place.
 B = Non-inter-level travel time spent in this place.
 C = Inter-level travel time spent in this place.
 D = Time resting spent in this place.
 E = Time spent auto-exploring this place.
 F = Levels seen in this place.
 G = Mean time per level.
                   A        B        C        D        E       F      G
               +--------+--------+--------+--------+--------+-----+--------+
         Total |   9933 |   9850 |     83 |   7317 |   2076 |   4 | 2483.2 |
       Dungeon |   9933 |   9850 |     83 |   7317 |   2076 |   4 | 2483.2 |
               +--------+--------+--------+--------+--------+-----+--------+

Top non-repeatable levels by time:
     D:1: 7703 daAuts
     D:2: 865 daAuts
     D:3: 728 daAuts
     D:4: 636 daAuts
